[Event "Reykjavik Open 2022"]
[Site "Reykjavik"]
[Date "2022.04.09"]
[Round "5.52"]
[White "Finnsson, Johann Arnar"]
[Black "Mai, Aron Thor"]
[Result "0-1"]
[ECO "A16"]
[WhiteElo "1805"]
[BlackElo "2081"]
[Annotator "TA"]
[PlyCount "96"]
[EventDate "2022.04.06"]
[EventCountry "ISL"]
[SourceTitle "playchess.com"]
[Source "ChessBase"]
[SourceQuality "1"]
[TimeControl "40/5400+30:1800+30"]

1. g3 Nf6 2. Bg2 g6 3. c4 Bg7 4. Nc3 O-O 5. d3 d6 6. Rb1 c5 {[%emt 0:02:55] A16: English Opening: 1...Nf6 with ...d5.} 7. e3 Nc6 8. Nge2 Bd7 {[%emt 0:00:42] White has an edge.} 9. a3 Rb8 10. b4 b6 {[%emt 0:01:18] [#]} 11. h4 $146 ({Predecessor:} 11. O-O e6 12. Bd2 Ne5 13. Qc2 a6 14. f4 Nc6 15. b5 axb5 16. Nxb5 Be8 17. Bc3 {½-½ (55) Malin,C (1928)-Rapin,F (1810) Angers 2010}) 11... Ne5 12. b5 (12. Nf4 $11) 12... Bg4 $15 13. f4 Ned7 14. Qa4 (14. Bb2 $15) 14... Qc7 15. Bb2 e6 16. O-O Nh5 17. Bf3 (17. Qc2 $15) 17... Ndf6 18. e4 Bxf3 19. Rxf3 Ng4 20. Nd1 (20. Rbf1 $142) 20... f5 21. Nf2 Nxf2 {[%emt 0:03:40] &Nero is more active.} 22. Kxf2 Nf6 (22... Bxb2 $17 23. Rxb2 Qb7 24. exf5 exf5) 23. Bxf6 Bxf6 24. Qc2 Rbe8 25. Re1 Qd7 26. a4 fxe4 (26... a6 $15) 27. dxe4 $11 d5 (27... Bd4+ $5 28. Kg2 e5 $11) 28. e5 Bg7 29. Rd1 (29. Nc3 $14) 29... Qb7 $2 ({Black should play} 29... Qf7 $11) 30. Ng1 $2 (30. cxd5 $16 {And now Qb3 would win.} exd5 31. Qa2) 30... d4 31. Re1 Ra8 32. Rb3 a6 33. Nf3 axb5 34. Rxb5 Qc6 {[%emt 0:00:40] [#]} (34... Bh6 $1 $11 {keeps the balance.}) 35. Reb1 $1 $16 Ra6 (35... Bh6 $16 {keeps fighting.}) 36. R1b2 (36. h5 $18) 36... Rd8 (36... Bh6 $142) 37. Qd3 {[%emt 0:00:41][%cal Oh4h5] Strongly threatening h5!} Re8 $2 (37... Bh6 $16 {was worth a try.}) 38. Qc2 $2 (38. h5 $18) 38... Bf8 (38... Rd8 $1 $11) 39. Nd2 (39. h5 $16) 39... Be7 40. Ne4 ({White should try} 40. Qb1 $14) 40... Rf8 41. Qb1 {[%emt 0:13:41][%cal Oa4a5] Black must now prevent a5!} (41. a5 $5 ) 41... Bxh4 $1 {[%emt 0:13:18] ...Rxf4+ is the strong threat.} 42. Rxb6 $2 (42. Kf3 $11 {and White stays safe.} Bd8 43. a5) 42... Rxb6 $19 ({Don't do} 42... Qxa4 43. gxh4 Rxf4+ 44. Kg3 Rxb6 45. Rxb6 Qa3+ 46. Rb3 $18 (46. Kxf4 $2 Qe3+ 47. Kg4 h5#)) 43. Rxb6 Rxf4+ $1 ({Don't take} 43... Qxa4 44. gxh4 Rxf4+ 45. Kg3 Qa3+ 46. Rb3 $18 (46. Kxf4 $2 {leads to mate.} Qe3+ 47. Kg4 h5#)) 44. Kg1 Qxe4 45. gxf4 $2 {[%emt 0:05:33] [#]} (45. Qxe4 $19 Rxe4 46. gxh4) 45... Qe3+ {[%emt 0:01:11] Black mates.} 46. Kg2 Qf2+ 47. Kh1 Qf3+ 48. Kg1 Bf2+ {[%emt 0:00:48] Weighted Error Value: White=0.57/Black=0.36} 0-1

[Event "Reykjavik Open 2022"]
[Site "Reykjavik"]
[Date "2022.04.09"]
[Round "5.53"]
[White "Hauksdottir, Hrund"]
[Black "Bosboom, Ardin"]
[Result "0-1"]
[ECO "B33"]
[WhiteElo "1737"]
[BlackElo "2090"]
[Annotator "NA RC"]
[PlyCount "58"]
[EventDate "2022.04.06"]
[EventCountry "ISL"]
[SourceTitle "playchess.com"]
[Source "ChessBase"]
[SourceQuality "1"]
[TimeControl "40/5400+30:1800+30"]

1. e4 c5 2. Nf3 Nc6 3. d4 cxd4 4. Nxd4 Nf6 5. Nc3 e5 6. Ndb5 d6 7. Bg5 a6 8. Na3 b5 9. Nd5 Be7 10. Bxf6 Bxf6 11. Be2 O-O 12. O-O Ne7 13. c4 Nxd5 14. cxd5 Bg5 15. Nc2 f5 16. exf5 Bxf5 17. Bd3 Qb6 18. Bxf5 Rxf5 19. Qe2 Raf8 20. Rad1 h5 21. Rd3 Qc5 22. b4 Qc4 23. a3 e4 24. Re3 Bxe3 25. Qxc4 Bxf2+ 26. Rxf2 bxc4 27. Rxf5 Rxf5 28. Ne3 c3 29. h3 Rxd5 0-1

[Event "Reykjavik Open 2022"]
[Site "Reykjavik"]
[Date "2022.04.09"]
[Round "5.54"]
[White "Haugen, Lars Tormod"]
[Black "Dougherty, Michael"]
[Result "0-1"]
[ECO "A26"]
[WhiteElo "1710"]
[BlackElo "2066"]
[Annotator "TA"]
[PlyCount "116"]
[EventDate "2022.04.06"]
[EventCountry "ISL"]
[SourceTitle "playchess.com"]
[Source "ChessBase"]
[SourceQuality "1"]
[TimeControl "40/5400+30:1800+30"]

1. c4 g6 2. Nc3 Bg7 3. g3 d6 4. Bg2 e5 5. d3 Nc6 6. e4 Nd4 7. Nge2 h5 {[%emt 0:05:00] A26: English Opening vs King's Indian with ...Nc6 and d3.} 8. h3 g5 (8... Bd7 $11) 9. Nxd4 $16 exd4 {[%emt 0:00:09] White is slightly better.} 10. Ne2 h4 11. g4 $1 Be5 {[%emt 0:06:06] [#]} 12. f4 $146 ({Predecessor:} 12. Bd2 c5 13. Qc1 f6 14. f4 gxf4 15. Nxf4 Ne7 16. Qc2 Kd7 17. O-O Kc7 18. Rf3 {½-½ (27) Namini,A (2237)-Karlsson,L (2454) Stockholm 2019}) 12... gxf4 13. Nxf4 Ne7 14. O-O Be6 15. Nxe6 fxe6 16. Bg5 Qd7 17. Qd2 Ng6 18. Bf6 (18. b4 $16) 18... Bxf6 $15 19. Rxf6 Ne5 20. Raf1 O-O-O 21. R1f4 c5 22. Bf1 Qg7 $1 23. Qf2 Rh6 {[%emt 0:04:16] 0x0.0021bc9c0ca5dp-1022s more active pieces.} 24. Be2 {[%emt 0:01:54] [#]} (24. Rf8 $17) 24... Rxf6 $1 $19 25. Rxf6 {[%emt 0:00:04] [#]} Kd7 26. Kg2 ({Not} 26. Qxh4 $2 Rh8 27. Qf2 Rxh3 $19) 26... Qg5 (26... Ke7 $19 27. Rf4 Qh6) 27. Qf4 $15 Qxf4 28. Rxf4 {[%emt 0:00:02][%mdl 4096] Endgame KRB-KRN} Ke7 29. g5 Ng6 30. Rf6 Rg8 {[%emt 0:01:46] aiming for ...Ne5.} 31. Bg4 Nf8 32. Rh6 $1 Rxg5 {[%emt 0:00:06] ...Ng6 is the strong threat.} 33. Rxh4 Rg7 34. Rh6 a6 35. Kf3 Ng6 36. Ke2 b5 37. cxb5 (37. b3 $1 $15) 37... axb5 $17 38. Kd2 Nf4 39. b3 b4 40. Kc2 Rg8 {[%emt 0:00:00] Strongly threatening ...Ra8.} 41. Rh7+ Kf6 42. Rh6+ $2 {[%emt 0:15:10] Now White is beyond hope.} (42. a4 $17) 42... Ke5 $19 43. Kb1 Ra8 44. Ka1 d5 (44... Re8 $142 45. Bh5 Re7) 45. Bxe6 $2 (45. exd5 exd5 46. Kb1) 45... dxe4 46. Bg4 Nxd3 47. Kb1 Kf4 48. Rf6+ Ke3 {[%emt 0:00:31] And now ...Nf2 would win.} 49. Rf1 Re8 50. Kc2 Nf4 51. Kd1 Nd5 {[%emt 0:01:23] Hoping for ...d3.} 52. Kc2 d3+ 53. Kb2 Kd4 {[%emt 0:00:48] ( -> ...e3)} 54. Bf5 Ne3 {[%emt 0:00:17] Black mates.} 55. Rf4 Nxf5 56. Rxf5 e3 57. Rf4+ Re4 58. Rxe4+ Kxe4 {[%emt 0:00:32] Weighted Error Value: White=0.79/Black=0.16 (very precise)} 0-1

[Event "Reykjavik Open 2022"]
[Site "Reykjavik"]
[Date "2022.04.09"]
[Round "5.55"]
[White "Steiners, Emils"]
[Black "Jonsson, Gauti Pall"]
[Result "0-1"]
[ECO "B21"]
[WhiteElo "1747"]
[BlackElo "2048"]
[Annotator "TA"]
[PlyCount "100"]
[EventDate "2022.04.06"]
[EventCountry "ISL"]
[SourceTitle "playchess.com"]
[Source "ChessBase"]
[SourceQuality "1"]
[TimeControl "40/5400+30:1800+30"]

1. e4 c5 2. d4 cxd4 3. c3 d3 4. Bxd3 g6 5. Nf3 Bg7 6. O-O Nc6 $1 {[%emt 0:01:42] 6...Nc6 scores better than 6...d6.} 7. Re1 {[%emt 0:03:00] B21: Sicilian: 2 f4 and Morra Gambit.} d6 8. Bf4 Nf6 9. Nbd2 {[%emt 0:02:04] White is slightly better.} O-O 10. h3 Nd7 11. Nc4 Nc5 12. Bc2 {[%emt 0:07:43] [#]} Ne6 $146 (12... b5 $5 13. Ne3 b4 $11) ({Predecessor:} 12... Be6 13. Ne3 b5 14. Nd5 Rb8 15. Qd2 a5 16. Nd4 Bxd5 17. exd5 Nxd4 18. cxd4 Nd7 {1-0 (84) Gabuzyan,H-Pagerka,M (1863) Herceg Novi 2005}) 13. Bh2 b5 $1 14. Ne3 Bd7 (14... b4 $5 ) 15. a3 a5 16. Rb1 b4 17. c4 (17. Nd5 $11) 17... Rb8 $15 18. a4 b3 19. Bxb3 Nc5 20. Bc2 Bxb2 21. Qe2 (21. Qd2 {is more complex.} f6 22. Bf4 Ba3 23. Rxb8 Qxb8 24. Rb1) 21... Bg7 $36 {[%emt 0:04:23][%mdl 2048] Black has the initiative. &Nero is more active.} 22. Rxb8 Nxb8 ({Black should try} 22... Qxb8 $15 23. Nd5 e6) 23. Rd1 (23. e5 $11) 23... Nc6 24. e5 dxe5 {[%emt 0:03:54] Threatens to win with ...e4. White is now going downhill.} 25. Ng4 {[%emt 0:01:49] [#]} (25. Rd5 $17 e4 26. Rxc5 exf3 27. Qxf3) 25... f6 $1 $19 26. Qe3 Ne6 27. h4 (27. c5 {was called for.}) 27... Ned4 28. Be4 Bxg4 29. Bxc6 Qc8 30. Bd5+ (30. Nxd4 $142 Bxd1 31. Bd5+ Kh8 32. Ne6) 30... e6 31. Be4 f5 32. Bb1 (32. Rb1 {might work better.} fxe4 33. Nxe5) 32... Bxf3 33. gxf3 Qc6 34. Kg2 Rb8 {[%emt 0:03:09] Strongly threatening ...Rb2.} 35. Bd3 {[%emt 0:00:29] [#]} Bh6 $1 36. Be4 fxe4 (36... Qxa4 37. Qxh6 fxe4 38. Rxd4 exf3+ 39. Kh3 exd4 40. Bxb8 Qxc4 41. Bd6 (41. Be5 Qf1+ 42. Kg4 Qg1+ 43. Bg3 Qd1 $14) 41... Qf1+ 42. Kg4 (42. Kg3 $2 Qg2+ 43. Kf4 Qh2+ 44. Ke4 Qxd6 $19) 42... Qg1+ 43. Kxf3 Qd1+ 44. Kg2 Qg4+ 45. Kf1 Qd1+ 46. Kg2 Qg4+ 47. Kf1 Qd1+ 48. Kg2 $16) 37. Qxh6 {[%emt 0:00:12][%cal Od1d4] Rxd4! is the strong threat.} exf3+ (37... Nxf3 $142 {[%cal Oe4e3] Hoping for ...e3!} 38. Kh3 Qxa4) 38. Kh1 $2 (38. Kh3 {was the only defense.} Qxc4 39. Qg5) 38... Qe4 ({And not} 38... Qxa4 39. Rc1 $19) 39. Qg5 Nc6 40. h5 $2 (40. Bg3) 40... Rb1 41. Qg1 Rxd1 42. Qxd1 Qg4 43. Qf1 {[%emt 0:01:31] Against Qg2+} Qxh5 44. c5 Qg4 45. Bg3 h5 {[%emt 0:00:32][%cal Bh7h5,Bh5h4,Bh4g3,Bg3f2][%mdl 32] White must now prevent ...Kf7.} 46. Kg1 h4 {[%emt 0:00:47] Black mates.} 47. Qa6 hxg3 48. Qc8+ Kf7 49. Qd7+ Ne7 50. Qd2 gxf2+ {[%emt 0:00:15] Weighted Error Value: White=0.83/Black=0.19 (very precise)} 0-1

[Event "Reykjavik Open 2022"]
[Site "Reykjavik"]
[Date "2022.04.09"]
[Round "5.56"]
[White "Cramling Bellon, Anna"]
[Black "Anand, Vignesh"]
[Result "1-0"]
[ECO "D85"]
[WhiteElo "2057"]
[BlackElo "1882"]
[Annotator "NA RC"]
[PlyCount "57"]
[EventDate "2022.04.06"]
[EventCountry "ISL"]
[SourceTitle "playchess.com"]
[Source "ChessBase"]
[SourceQuality "1"]
[TimeControl "40/5400+30:1800+30"]

1. d4 Nf6 2. c4 g6 3. Nc3 d5 4. cxd5 Nxd5 5. e4 Nxc3 6. bxc3 Bg7 7. Qa4+ Nd7 8. Nf3 O-O 9. Bg5 c5 10. Rd1 Nf6 11. d5 Bd7 12. Qc2 Qa5 13. Rc1 b5 14. Bd3 e6 15. Bxf6 Bxf6 16. e5 Bg7 17. d6 Bc6 18. Be4 Bxe4 19. Qxe4 Qxa2 20. O-O f6 21. c4 fxe5 22. Ng5 Bh6 23. Rc2 Qxc2 24. Qxc2 Bxg5 25. cxb5 Rac8 26. Qc4 Bf6 27. Ra1 Rf7 28. Qxe6 Ra8 29. Qd5 1-0

[Event "Reykjavik Open 2022"]
[Site "Reykjavik"]
[Date "2022.04.09"]
[Round "5.57"]
[White "Barthel, Ansgar"]
[Black "Gregersen, Einar"]
[Result "1/2-1/2"]
[ECO "B93"]
[WhiteElo "2053"]
[BlackElo "1801"]
[Annotator "TA"]
[PlyCount "91"]
[EventDate "2022.04.06"]
[EventCountry "ISL"]
[SourceTitle "playchess.com"]
[Source "ChessBase"]
[SourceQuality "1"]
[TimeControl "40/5400+30:1800+30"]

1. e4 c5 2. Nf3 d6 3. d4 cxd4 4. Nxd4 Nf6 5. Nc3 a6 6. f4 e5 7. Nf3 Nbd7 8. a4 Qc7 9. Bd3 Be7 10. O-O O-O 11. Kh1 Nc5 {[%emt 0:00:25] B93: Sicilian Najdorf: 6 f4.} 12. Qe2 Re8 13. fxe5 dxe5 14. Bg5 Be6 15. Nh4 {[%emt 0:05:25] [#]} Qb6 $146 ({Predecessor:} 15... Nfd7 16. Bxe7 Rxe7 17. Nf5 Bxf5 18. Nd5 Qd6 19. Nxe7+ Qxe7 20. Rxf5 Ne6 21. Rff1 Rc8 {½-½ (52) Maidel,A (2347)-Bok,B (2605) Chess.com INT 2017}) 16. Rab1 (16. Nf5 $5 ) 16... Kh8 17. Nf5 Nxd3 18. cxd3 (18. Qxd3 $5 Rad8 19. Qg3 $11) 18... Ng8 19. Nxe7 Nxe7 20. b4 Rad8 21. Be3 {[%emt 0:03:22] Prevents Qd4.} Qd6 22. Rfd1 Qd7 23. Qf2 Rc8 24. Qb2 Bg4 25. Rd2 f5 26. Bg5 ({Better is} 26. Bc5 $11) 26... f4 27. Bxe7 Qxe7 28. Nd5 Qh4 {[%emt 0:02:15] ...Rc6 is the strong threat.} 29. Rf1 Rc6 $1 {[%emt 0:00:54] Hoping for ...Rh6.} 30. Rdf2 {[%emt 0:02:40] [#]} ({Wrong is} 30. h3 $2 Rg6 31. Kg1 Bxh3 $19) (30. Kg1 $17) 30... Kg8 $2 (30... Rh6 $1 $19 31. g3 (31. h3 $2 Bxh3 32. Kg1 Bg4 $19) 31... Qxg3) 31. g3 $2 (31. Qa2 $1 $11 {and White has nothing to worry.} Kh8 32. g3) 31... fxg3 $19 32. Rf7 Rce6 {[%emt 0:14:48] Prevents Ne7+.} (32... Rh6 33. Ne7+ Qxe7 34. Rxe7 Rxe7 35. Kg1 $11) (32... Rcc8 $19 {and Black stays clearly on top. And now ...Qh6 would win.} 33. b5 axb5 34. axb5 Bh3 35. hxg3 Qh6) 33. Nc7 {[%emt 0:01:30] [#]} (33. Rxb7 $2 Rh6 34. Ne3 Be6 $19) (33. Qa2 $17 h6 34. Nc7) 33... R6e7 $2 (33... Bh3 $1 $19 34. hxg3 Qh5) 34. Rxe7 $11 {[%emt 0:00:57] Chess con chili.} Rxe7 (34... g2+ $2 35. Qxg2 Qxe7 36. Nxe8 $18 (36. Qxg4 Qxc7 37. Qd1 h6 $11)) 35. Qa2+ Be6 $1 36. Nxe6 g2+ $1 $40 {[%emt 0:00:26][%mdl 128] White needs to defend precisely.} 37. Qxg2 Rxe6 {[%emt 0:00:20][%mdl 4096] Endgame KQR-KQR} 38. Qa2 Qh3 (38... Qe7 $11) 39. Rf2 (39. Rf5 $142 Qh6 40. Rxe5) 39... h6 (39... Qg4 $142 40. Qb3 Qg6) 40. Qd5 $2 (40. Rf5 $18 Qxd3 41. Qxe6+ Kh7 42. Qxe5) 40... Kh7 41. Qd7 {[%emt 0:13:39] aiming for Rg2.} Qg4 {[%emt 0:05:34] ( -> ...Qd1+)} 42. Rf1 {[%emt 0:00:49] Prevents Qd1.} Qe2 43. Qf7 $1 {[%emt 0:00:06] Threatening mate with Rg1.} Rg6 (43... Qxd3 $5 44. Qf5+ Rg6 $11) 44. Qf3 {[%emt 0:00:08] Prevents Qg2+.} (44. Rg1 $1 $11 {keeps the balance.} Rxg1+ 45. Kxg1) 44... Qd2 45. Rg1 {[%emt 0:06:29] Black must now prevent Qf5.} Rxg1+ (45... Rf6 $1 $15 46. Qg3 Rf7) 46. Kxg1 {[%emt 0:00:04] White used his chance.  Weighted Error Value: White=0.64/Black=0.36} 1/2-1/2

[Event "Reykjavik Open 2022"]
[Site "Reykjavik"]
[Date "2022.04.10"]
[Round "6.1"]
[White "Jarmula, Lukasz"]
[Black "Andersen, Mads"]
[Result "0-1"]
[ECO "D27"]
[WhiteElo "2434"]
[BlackElo "2570"]
[Annotator "TA"]
[PlyCount "124"]
[EventDate "2022.04.06"]
[EventCountry "ISL"]
[SourceTitle "playchess.com"]
[Source "ChessBase"]
[SourceQuality "1"]
[TimeControl "40/5400+30:1800+30"]

1. d4 d5 2. c4 dxc4 3. Nf3 Nf6 4. e3 e6 5. Bxc4 c5 6. O-O a6 7. b3 Nbd7 8. Bb2 Be7 {[%emt 0:00:22] 8...Be7 is better than 8...b5.} 9. dxc5 {[%emt 0:03:05] D27: Queen's Gambit Accepted: Classical main line: 7 e4!? and 7 a4.} Bxc5 10. Nbd2 b6 11. Be2 {[%emt 0:07:52] White is slightly better.} Bb7 12. Nc4 O-O {[%emt 0:05:36] [#]} 13. Nfe5 $146 ({Predecessor:} 13. Rc1 b5 14. Bxf6 Nxf6 15. Qxd8 Raxd8 16. Na5 Bxf3 17. Bxf3 Ba3 18. Rc6 Ra8 19. Rd1 {½-½ (31) Stuart,A (2381)-Moskalyov,V (2373) ICCF email 2019}) 13... Nxe5 14. Bxe5 b5 15. Qxd8 ({Of course not} 15. Nd6 Bd5 16. e4 Nxe4 17. Nxe4 Bxe4 $17) 15... Rfxd8 16. Na5 Bd5 17. Bxf6 gxf6 18. Bf3 Bxf3 19. gxf3 Ba3 20. Rfd1 Rac8 {[%emt 0:00:37] Prevents Nc6.} 21. Nb7 Rxd1+ 22. Rxd1 $17 {[%emt 0:00:28][%mdl 4096] Endgame KRB-KRN} Be7 {[%emt 0:04:08] [#] Prevents Rd8+. ...Rc7 is the strong threat.} 23. Rd2 Rc6 {[%emt 0:05:00] Against Nd6} 24. a4 (24. Rd4 $142) 24... Kf8 (24... Rc3 $142 25. Rd7 Kf8 26. axb5 axb5) 25. axb5 axb5 26. Ra2 Bb4 27. Ra7 Rc7 28. Ra8+ Ke7 29. Rb8 (29. Nd8) 29... Kd7 $19 30. Nd8 Bd6 {[%emt 0:00:36] White must now prevent ...Rc1+.} 31. Ra8 {[%emt 0:03:45] [#]} Rc8 $1 32. Rxc8 Kxc8 {[%emt 0:00:02] KB-KN} 33. Nc6 (33. Nxf7 $2 Bf8 34. f4 Kd7 $19) 33... e5 34. b4 Kc7 35. Na5 Bxb4 36. Nb3 Kc6 37. e4 Bc5 38. Kf1 b4 {[%emt 0:00:11] Threatens to win with ...Kb5.} 39. Ke2 Kb5 {[%emt 0:00:12] And now ...Kc4 would win.} 40. Kd3 Bxf2 41. Nd2 Be1 $2 (41... Bh4 42. h3 Bg3) 42. Nb3 Bc3 43. Nc1 h6 44. Nb3 h5 45. Nc1 Be1 46. Nb3 Bf2 47. Nc1 Bg1 48. h3 Bf2 49. Nb3 Be1 50. Nc1 $2 (50. Ke2 Bh4 51. Kd3) 50... Kc5 51. Nb3+ Kd6 52. Kc4 Ke7 53. Nc5 f5 54. Kd5 fxe4 55. Kxe4 Bc3 {[%emt 0:01:09] aiming for ...Bd4.} 56. Kf5 Kd6 57. Nb3 h4 (57... Kd5 $142 58. Kg5 Bd4 59. Kxh5 Kc4 60. Na5+ Kc3) 58. Kg5 Be1 {[%emt 0:00:51] ( -> ...Bg3)} 59. Kf6 Kd5 60. Kxf7 Kc4 61. Na5+ Kc3 62. Ke6 Bg3 {[%emt 0:00:07] Weighted Error Value: White=0.28 (precise) /Black=0.25 (precise)} ({Not} 62... b3 63. Nxb3 Kxb3 64. Kxe5 $15) 0-1

[Event "Reykjavik Open 2022"]
[Site "Reykjavik"]
[Date "2022.04.10"]
[Round "6.2"]
[White "Gukesh D"]
[Black "Steingrimsson, Hedinn"]
[Result "1/2-1/2"]
[ECO "D40"]
[WhiteElo "2614"]
[BlackElo "2535"]
[Annotator "TA"]
[PlyCount "66"]
[EventDate "2022.04.06"]
[EventCountry "ISL"]
[SourceTitle "playchess.com"]
[Source "ChessBase"]
[SourceQuality "1"]
[TimeControl "40/5400+30:1800+30"]

1. d4 Nf6 2. c4 e6 3. Nf3 d5 4. Nc3 c5 5. e3 Nc6 6. a3 dxc4 7. Bxc4 a6 8. O-O b5 9. Ba2 Bb7 10. d5 exd5 {[%emt 0:05:20] D40: Queen's Gambit Declined: Semi-Tarrasch with 5 e3.} 11. Nxd5 Nxd5 12. Bxd5 Qc7 {[%emt 0:00:27] Prevents Ne5.} 13. e4 Be7 14. Ng5 O-O 15. Qh5 {[%emt 0:00:59][%csl Gg5,LRf7,LRh7][%cal Rh5h7] [#]} Bxg5 {[%emt 0:00:47] [#]} 16. Bxg5 $146 ({Predecessor:} 16. Qxg5 Nd4 17. Be3 Bxd5 18. exd5 Rad8 19. Rad1 f6 20. Qg4 Rxd5 21. Bxd4 Rxd4 22. Rxd4 cxd4 23. Qxd4 {½-½ (33) Wang,Y (2684)-Brown,M (2524) Chess.com INT 2019}) 16... Nd4 17. Qg4 {[%emt 0:11:25] The position is equal.} Bxd5 18. Bf6 $1 Ne6 19. exd5 Qf4 20. Qxf4 Nxf4 21. Be7 {[%emt 0:00:09][%csl LRc5,LRf8] Black must now prevent Rfd1.} Rfe8 22. Bxc5 Rac8 23. b4 Nxd5 24. Rfd1 Nc3 25. Rd7 h5 26. h3 Rcd8 27. Rxd8 Rxd8 $11 {[%emt 0:00:01][%mdl 4096] Endgame KRB-KRN} 28. Re1 Na4 29. Re7 Rd3 30. Ra7 Nxc5 31. bxc5 Rxa3 32. c6 Kh7 33. Ra8 {[%emt 0:00:05] [#] And now c7 would win.} ({Of course not} 33. Rxf7 Rc3 $15) 33... Rc3 {[%emt 0:02:25] A balanced but interesting game.  Weighted Error Value: White=0.03 (flawless) /Black=0.04 (flawless)} 1/2-1/2

[Event "Reykjavik Open 2022"]
[Site "Reykjavik"]
[Date "2022.04.10"]
[Round "6.3"]
[White "Hjartarson, Johann"]
[Black "Niemann, Hans Moke"]
[Result "1-0"]
[ECO "A20"]
[WhiteElo "2470"]
[BlackElo "2642"]
[Annotator "TA"]
[PlyCount "53"]
[EventDate "2022.04.06"]
[EventCountry "ISL"]
[SourceTitle "playchess.com"]
[Source "ChessBase"]
[SourceQuality "1"]
[TimeControl "40/5400+30:1800+30"]

1. c4 e5 2. g3 c6 3. d4 e4 4. Nc3 d5 5. Nh3 h6 6. cxd5 {[%emt 0:02:09] A20: English Opening: 1...e5.} cxd5 7. Qb3 {[%emt 0:05:21] With the idea Nf4.} Nf6 8. Nf4 {[%emt 0:00:37][%cal Rf4d5] The position is equal.} Nc6 9. e3 Bb4 10. Bd2 Bxc3 11. Bxc3 {[%emt 0:00:12] [#]} g5 $146 ({Predecessor:} 11... g6 12. h4 b6 13. Rc1 Bb7 14. Bb5 Rc8 15. g4 a6 16. Be2 b5 17. Kd2 Ne7 18. a4 O-O 19. axb5 Qb6 20. Bb4 Rfe8 21. Qa3 {1-0 (21) Walsh,P (1875)-Mann,W ICCF email 2019}) 12. Ne2 O-O 13. h3 Rb8 14. g4 b5 15. Qd1 (15. Ng3 {is superior.}) 15... b4 16. Bd2 Ne7 17. Ng3 Ng6 18. Rc1 Nh4 {[%emt 0:02:09] ...Nf3+ is the strong threat.} 19. Be2 {[%emt 0:00:13] Prevents Nf3+.} Qb6 20. Rc5 Ba6 {[%emt 0:00:46] [#]} (20... Bd7 $15 {keeps the upper hand.}) 21. Qa4 $1 $16 Bxe2 (21... Bd3 $142) 22. Kxe2 Qe6 (22... Rfc8 $16 {keeps fighting.}) 23. Rhc1 {[%emt 0:04:03] Black must now prevent Rc6.} Rb6 $2 (23... Rfc8 24. Kd1 Rxc5 25. Rxc5 Kg7 26. Bxb4 (26. Qxa7 Qb6 $16) 26... Rb6) 24. Rc6 $18 Qd7 25. b3 Rxc6 $2 {[%emt 0:06:31] [#]} (25... Qb7 26. Rc7 Qb8 27. Qxa7 Kg7) 26. Rxc6 Qd8 (26... Rc8 $142 27. Rxf6 Qc7) 27. Bxb4 {[%emt 0:00:49] Weighted Error Value: White=0.22 (precise) /Black=0.50} 1-0

[Event "Reykjavik Open 2022"]
[Site "Reykjavik"]
[Date "2022.04.10"]
[Round "6.4"]
[White "Praggnanandhaa R"]
[Black "Mishra, Abhimanyu"]
[Result "1-0"]
[ECO "D30"]
[WhiteElo "2612"]
[BlackElo "2505"]
[Annotator "TA"]
[PlyCount "157"]
[EventDate "2022.04.06"]
[EventCountry "ISL"]
[SourceTitle "playchess.com"]
[Source "ChessBase"]
[SourceQuality "1"]
[TimeControl "40/5400+30:1800+30"]

1. d4 d5 2. c4 c6 3. Nf3 Nf6 4. e3 e6 5. Bd3 dxc4 6. Bxc4 Nbd7 7. O-O Bd6 {[%emt 0:00:35] The main line 7...Bd6 scores better than 7...b5.} 8. Qc2 {[%emt 0:00:08] D30: Queen's Gambit Declined: Systems without Nc3.} O-O 9. e4 e5 $1 10. Be3 {[%emt 0:00:08] The position is equal.} Ng4 11. Bg5 Qc7 {[%emt 0:00:14] Threatens to win with ...exd4.} 12. h3 h6 13. Bh4 Ngf6 14. Nc3 Nh5 15. Rad1 {[%emt 0:02:29] [#]} exd4 $146 ({Predecessor:} 15... b5 16. Be2 Nf4 17. Bg3 exd4 18. Nxd4 b4 19. Nf5 Be5 20. Na4 Nxe2+ 21. Qxe2 Bxg3 22. Nxg3 {½-½ (75) Zajontz,R (2500)-Mendl,M (2537) ICCF email 2020}) 16. Rxd4 (16. Nxd4 $5 g5 17. Bg3 Nxg3 18. fxg3 $11) 16... Ne5 {[%emt 0:14:38] ...Nxf3+ is the strong threat.} 17. Qd1 Nxc4 (17... Bc5 $11 {keeps the balance.} 18. Nxe5 Qxe5) 18. Rxc4 $16 Be6 {[%emt 0:16:15] [#]} 19. Nb5 $1 Bxc4 (19... Bh2+ 20. Nxh2) 20. Nxc7 Bxc7 {[%emt 0:00:11] This bishop pair is nice.} 21. Qd7 Rac8 22. Re1 Nf4 23. b3 Be6 24. Qd2 Ng6 25. Qe3 Bb6 26. Qc3 Nxh4 (26... c5 $142) 27. Nxh4 Rcd8 28. Nf3 Rfe8 29. a4 a5 30. b4 Ra8 31. Rb1 axb4 32. Qxb4 Bc7 {[%emt 0:00:53] [#]} 33. Nd4 $1 ({Much weaker is} 33. Qxb7 $6 Reb8 34. Qxc7 Rxb1+ 35. Kh2 Rxa4 $11) 33... Bc8 {[%emt 0:04:04] [#]} 34. Nf5 $1 Kh7 35. Qc4 Be6 36. Qc2 $40 {[%emt 0:04:12][%mdl 128] White goes for the king.} Rad8 $2 (36... Bc8 {might work better.} 37. g3 Rb8) 37. Rxb7 $18 Bxf5 38. Rxc7 Bxe4 39. Qc5 Bd5 (39... Bg6 40. Rxc6 (40. Qxc6 Re1+ 41. Kh2 Rd2 $18) 40... Re1+ 41. Kh2 Re2) 40. Re7 Rg8 (40... Rxe7 {was worth a try.} 41. Qxe7 Ra8) 41. a5 Ra8 42. Qa3 Rgb8 43. a6 Rb3 44. Qa1 Rb6 45. a7 Rb4 46. Rc7 g6 47. f3 h5 48. h4 Rxh4 49. Qa6 Rb4 50. Rc8 Rxc8 51. Qxc8 {[%emt 0:00:02][%mdl 4096] Endgame KQ-KRB} c5 52. Qxc5 Ra4 53. Qc7 Ra2 54. Qd7 Be6 55. Qc7 Bd5 $1 56. Kh2 Ra4 57. Kg3 Kg7 58. Kf2 Kh7 59. Ke3 {[%emt 0:00:31] White wants to mate with Qd7.} Be6 {[%emt 0:00:39] Against Qd7} 60. Qb7 Bd5 61. Qd7 Ra5 62. Kd4 h4 63. Qc7 Rb5 64. a8=Q Bxa8 65. Qxf7+ Kh6 66. Qf8+ Kh5 67. Qxa8 {[%emt 0:00:13] KQ-KR} Rf5 68. Qh8+ Kg5 69. Ke3 Rf7 70. Qd8+ Kh5 71. Qh8+ Kg5 72. Kf2 {[%emt 0:00:04] White mates.} Rf4 73. Kg1 Kf5 74. Qg7 g5 75. Qf7+ Ke5 76. Qg6 Rf5 77. Kf2 Kf4 78. Qd6+ Re5 79. Qf6+ {[%emt 0:00:02] Weighted Error Value: White=0.23 (precise) /Black=0.45} 1-0